 Dungeon Crawl Stone Soup version 0.22-a0-42-g002c468 (webtiles) character file.

9 tidbits the Grave Robber (level 2, 0/19 HPs)
             Began as a Gnoll Necromancer on Jan 5, 2018.
             Killed from afar by Natasha (3 damage)
             ... with a wand of flame (40)
             ... on level 2 of the Dungeon.
             The game lasted 00:00:39 (73 turns).

tidbits the Grave Robber (Gnoll Necromancer)          Turns: 73, Time: 00:00:40

Health: 0/19       AC:  2    Str: 10    XL:     2   Next: 12%
Magic:  2/7        EV: 14    Int: 17    God:
Gold:   12         SH:  0    Dex: 15    Spells: 9/10 levels left

rFire    . . .     SeeInvis .   (no weapon)
rCold    . . .     Gourm    .   (no shield)
rNeg     . . .     Faith    .   a - +0 robe
rPois    .         Spirit   .   (no helmet)
rElec    .         Reflect  .   (no cloak)
rCorr    .         Harm     .   (no gloves)
MR       .....                  (no boots)
Stlth    +++.......             (no amulet)
HPRegen  0.06/turn              (no ring)
MPRegen  0.10/turn              (no ring)

@: no status effects
A: distributed training, fangs 1, strong nose
a: no special abilities


You were on level 2 of the Dungeon.
You were not hungry.

You visited 1 branch of the dungeon, and saw 2 of its levels.

You collected 12 gold pieces.

Inventory:

Armour
 a - a +0 robe (worn)
 d - a +0 shield
Scrolls
 e - a scroll of remove curse {unknown}
 f - 2 scrolls of teleportation {unknown}
Books
 b - a book of Necromancy

   Spells                             Type                      Level
   a - Pain                           Necromancy                   1
   b - Animate Skeleton               Necromancy                   1
   c - Vampiric Draining              Necromancy                   3
   d - Regeneration                   Charms/Necromancy            3
   e - Animate Dead                   Necromancy                   4
   f - Borgnjor's Vile Clutch         Necromancy/Earth             5
Comestibles
 c - a ration


   Skills:
 + Level 0.2 Fighting
 + Level 0.2 Short Blades
 + Level 0.2 Long Blades
 + Level 0.2 Axes
 + Level 0.2 Maces & Flails
 + Level 0.2 Polearms
 + Level 0.2 Staves
 + Level 0.2 Slings
 + Level 0.2 Bows
 + Level 0.2 Crossbows
 + Level 0.2 Throwing
 + Level 0.2 Armour
 + Level 4.4 Dodging
 + Level 4.0 Stealth
 + Level 0.2 Shields
 + Level 0.2 Unarmed Combat
 + Level 4.9 Spellcasting
 + Level 0.1 Conjurations
 + Level 0.1 Hexes
 + Level 0.1 Charms
 + Level 0.1 Summonings
 + Level 7.0 Necromancy
 + Level 0.1 Translocations
 + Level 0.1 Transmutations
 + Level 0.1 Fire Magic
 + Level 0.1 Ice Magic
 + Level 0.1 Air Magic
 + Level 0.1 Earth Magic
 + Level 0.1 Poison Magic
 + Level 0.3 Invocations
 + Level 0.2 Evocations


You had 9 spell levels left.
You knew the following spells:

 Your Spells              Type           Power        Failure   Level  Hunger
a - Pain                  Necr           ####         1%          1    None


Dungeon Overview and Level Annotations

Branches:
Dungeon (2/15)

Altars:

Annotations:
D:2 Natasha


Innate Abilities, Weirdness & Mutations

Your experience applies equally to all skills.
You have very sharp teeth.
Your uncanny sense of smell can sniff out nearby items.


Message History

Press ? for a list of commands and other information.
Found a staircase leading out of the dungeon.
You open the door.
There is an open door here.
You open the door.
Found a shield.
There is an open door here.
You see here a shield.
d - a shield
There is an open door here.
Found a stone staircase leading down.
Found a ring mail.
A goblin comes into view. It is wielding a club.
There is a stone staircase leading down here.
The goblin shouts!
You climb downwards.
A dart slug comes into view.
Found three items.
There is a stone staircase leading up here.
Casting: Pain
Confirm with . or Enter, or press ? or * to list all spells.
Aiming: Pain
Press: ? - help, Shift-Dir - straight line, f - dart slug
Aim: a dart slug (resting, chance to defeat MR: 93%)
The dart slug writhes in agony!
Casting: Pain
Confirm with . or Enter, or press ? or * to list all spells.
Aiming: Pain
Press: ? - help, Shift-Dir - straight line, f/p - dart slug
Aim: a dart slug (heavily wounded, chance to defeat MR: 93%)
The dart slug writhes in agony!
You kill the dart slug!
e - a scroll labeled ONOUPP XOZU A giant cockroach comes into view.
A bat comes into view.
You see here a scroll labeled SALIRI JYTELUA.
f - a scroll labeled SALIRI JYTELUA The bat moves out of view.
Casting: Pain
Confirm with . or Enter, or press ? or * to list all spells.
Aiming: Pain
Press: ? - help, Shift-Dir - straight line, f - bat
Aim: a bat (chance to defeat MR: 93%)
The bat writhes in agony!
The bat completely misses you.
Casting: Pain
Confirm with . or Enter, or press ? or * to list all spells.
Aiming: Pain
Press: ? - help, Shift-Dir - straight line, f/p - bat
Aim: a bat (severely wounded, chance to defeat MR: 93%)
The bat writhes in agony!
You kill the bat!
Casting: Pain
Confirm with . or Enter, or press ? or * to list all spells.
Aiming: Pain
Press: ? - help, Shift-Dir - straight line, f - giant cockroach
Aim: a giant cockroach (clinging, resting, chance to defeat MR: 93%)
The giant cockroach writhes in agony!
You kill the giant cockroach!
A worm comes into view.
Found 14 stones.
Found a scroll labeled SALIRI JYTELUA.
Casting: Pain
Confirm with . or Enter, or press ? or * to list all spells.
Aiming: Pain
Press: ? - help, Shift-Dir - straight line, f - worm
Aim: a worm (chance to defeat MR: 89%)
The worm writhes in agony!
Casting: Pain
Confirm with . or Enter, or press ? or * to list all spells.
Aiming: Pain
Press: ? - help, Shift-Dir - straight line, f/p - worm
Aim: a worm (heavily wounded, chance to defeat MR: 89%)
The worm writhes in agony!
A kobold comes into view.
Casting: Pain
Confirm with . or Enter, or press ? or * to list all spells.
Aiming: Pain
Press: ? - help, Shift-Dir - straight line, f/p - worm
Aim: a worm (severely wounded, chance to defeat MR: 89%)
The worm writhes in agony!
You kill the worm!
You have reached level 2!
The kobold shouts!
An adder comes into view.
Found 12 gold pieces.
A frilled lizard and a quokka come into view.
You see here a scroll labeled SALIRI JYTELUA.
f - 2 scrolls labeled SALIRI JYTELUA (gained 1)
Found an escape hatch in the ceiling.
You see here 12 gold pieces.
You now have 12 gold pieces.
Natasha, Servant of Life and Death comes into view.
Natasha hisses angrily.
Natasha casts a spell at you. The magic dart hits you!
* * * LOW HITPOINT WARNING * * *
Found a spear.
A dart slug comes into view.
Natasha zaps a wand.
The puff of flame hits you!
You die...

.. ... .. ###########
#. ∆ .......... #.####
###......(.#
####rl..###...........
#.....#..##.........##
#.........K.........#.
#....@##.##...........
#.....>#..#.K.......##
#..<)..##.#..........#
#.....?..............#
#.......##............
#....h.##########.....
#......# ####..
#....w.# ##.. #...


You could see Natasha, a dart slug (wandering), a quokka (sleeping), a kobold
and a frilled lizard (sleeping).

Vanquished Creatures
  A worm (D:2)
  A dart slug (D:2)
  A bat (D:2)
  A giant cockroach (D:2)
4 creatures vanquished.

Notes
Turn   | Place    | Note
-------+----------+-------------------------------------------
     0 | D:1      | tidbits the Gnoll Necromancer began the quest for the Orb.
     0 | D:1      | Reached XP level 1. HP: 13/13 MP: 6/6
    60 | D:2      | Reached XP level 2. HP: 10/19 MP: 0/7
    72 | D:2      | Noticed Natasha
    73 | D:2      | Killed from afar by Natasha

Vault maps used:
D:1:      dpeg_arrival_rooms_a, hex_large
D:2:      first_ration, uniq_natasha

Action                   || total
-------------------------++-------
 Cast: Pain              ||     8
Dodge: Dodged            ||     1

Table legend:
 A = Spawn XP
 B = Non-spawn XP
 C = Spawn XP percentage of total XP
 D = Spawn monster count
 E = Non-spawn monster count
 F = Spawn count percentage of total count
 G = Total turns spent on level
                    A         B        C        D         E        F      G
               +---------+---------+-------+---------+---------+-------+---------
         Total |       0 |      13 |   0.0 |       0 |       4 |   0.0 |    73
               +---------+---------+-------+---------+---------+-------+---------
           D:2 |       0 |      13 |   0.0 |       0 |       4 |   0.0 |    41
               +---------+---------+-------+---------+---------+-------+---------

Table legend:
 A = Turns spent in this place as a percentage of turns spent in the entire game.
 B = Non-inter-level travel turns spent in this place as a percentage of non-inter-level travel turns spent in the entire game.
 C = Inter-level travel turns spent in this place as a percentage of turns spent in this place.
 D = Turns resting spent in this place as a percentage of non-inter-level travel turns spent in this place.
 E = Turns spent auto-exploring this place as a percentage of non-inter-level travel turns spent in this place.
 F = Non-inter-level travel turns spent in this place divided by the number of levels of this place that you've seen.
                   A       B       C       D       E      F
               +-------+-------+-------+-------+-------+----------------------
         Total | 100.0 | 100.0 |   0.0 |   0.0 |   0.0 |  36.5
       Dungeon | 100.0 | 100.0 |   0.0 |   0.0 |   0.0 |  36.5
               +-------+-------+-------+-------+-------+----------------------

Table legend:
 A = Kills in this place as a percentage of kills in entire the game.
 B = Kills by you in this place as a percentage of kills by you in the entire game.
 C = Kills by friends in this place as a percentage of kills by friends in the entire game.
 D = Other kills in this place as a percentage of other kills in the entire game.
 E = Experience gained in this place as a percentage of experience gained in the entire game.
 F = Experience gained in this place divided by the number of levels of this place that you have seen.
                   A       B       C       D       E      F
               +-------+-------+-------+-------+-------+----------------------
         Total | 100.0 | 100.0 |   N/A |   N/A | 100.0 |   6.5
       Dungeon | 100.0 | 100.0 |   N/A |   N/A | 100.0 |   6.5
               +-------+-------+-------+-------+-------+----------------------

Vault maps used:
D:1:      dpeg_arrival_rooms_a, hex_large
D:2:      first_ration, uniq_natasha
